Workbook
Name __xlnm.Print_Area_5: #REF!
Name __xlnm.Print_Titles_4: ([1]Cronograma!$A$1:$D$65536,[1]Cronograma!$A$1:$IV$8)
Name Print_Area: 'Casa da Cultura'!$A$5:$H$98
Name Print_Area: Cronograma!$A$1:$M$29

Sheet Casa da Cultura
A5: PLANILHA DE PRECOS
A6: PREFEITURA DO MUNICIPIO DE PASSOS_MG | F6: DATA: 06/05/2025
A7: PLANILHA ORÇAMENTÁRIA REFERENTE A EXECUÇÃO DO PROJETO DE PREVENÇÃO E COMBATE A INCÊNDIO E PANICO DA CASA DA CULTURA - PASSOS - MG | F7: DATA BASE: MAIO/2025
A8: RUA PRAÇA GERALDO DA SILVA MAIA S/Nº , CENTRO - PASSOS - MG | F8: BDI: | G8: 0.2948 | H8: 1.2946
A9: PREÇOS REFERÊNCIA: SINAPI 03/2025(COM DESONERADO), ORSE 02/2025, SICOR 01/2025(COM DESONERAÇÃO) | F9: COM DESONERAÇÃO
A11: Item | B11: Codigo | C11: Descrição dos Serviços | D11: Unid. | E11: Quant. | F11: PREÇO (R$)
D12: Unidade | E12: Quantidade | F12: Preço Unitario (s/BDI) | G12: Preço Unitário (c/BDI) | H12: Preço Total (c/ BDI)
A13: 01. | C13: SERVIÇOS PRELIMINARES
A14: 01. 01 | B14: ED-16660 | C14: FORNECIMENTO E COLOCAÇÃO DE PLACA DE OBRA EM CHAPA GALVANIZADA #26, ESP. 0,45 MM, PLOTADA COM ADESIVO VINÍLICO, AFIXADA COM REBITES 4,8X40 MM, EM ESTRUTURA METÁLICA DE METALON 20X20 MM, ESP. 1,25 MM, INCLUSIVE SUPORTE EM EUCALIPTO AUTOCLAVADO PINTADO COM TINTA PVA DUAS (2) DEMÃOS | D14: M² | E14: 2 | F14: 262.12 | G14: =(F14*1.2948) -> 339.39298 | H14: =E14*G14 -> 678.78595
C15: TOTAL ITEM: 01 | H15: =H14 -> 678.78595
A16: 02. | C16: EXTINTORES E HIDRANTES
A17: 02. 01 | B17: 01511/ORSE | C17: EXTINTOR DE INCÊNDIO TIPO PÓ ABC 4A:40-BC(6 Kg), ALCANCE MÉDIO DO JATO 5M, TEMPO DE DESCARGA 12s, NBR9443, 9444, 10721 - FORNECIMENTO E INSTALAÇÃO | D17: UN | E17: 28 | F17: 226.34 | G17: =(F17*1.2948) -> 293.06503 | H17: =E17*G17 -> 8205.8209
A18: 02. 02 | B18: ED-50195 | C18: HIDRANTE DE RECALQUE COMPLETO EM CAIXA DE ALVENARIA - FORNECIMENTO E INSTALAÇÃO | D18: UN | E18: 1 | F18: 794.68 | G18: =(F18*1.2948) -> 1028.9517 | H18: =E18*G18 -> 1028.9517
A19: 02. 03 | B19: ED-22714 | C19: ABRIGO EM CHAPA DE AÇO CARBONO DE SOBREPOR, PINTADO DE VERMELHO PADRÃO BOMBEIRO MG, NAS DIMENSÕES (90X60X17)CM COM UMA PORTA COM VIDRO TRANSPARENTE COM A INSCRIÇÃO "INCÊNDIO", INCLUINDO SUPORTE BASCULANTE PARA MANGUEIRA. A CAIXA DEVERÁ CONTER: 01 MANGUEIRA TIPO 2 COMPRIMENTO 15M, ADAPTADOR EM LATÃO PARA INSTALAÇÃO PREDIAL DE COMBATE A INCÊNDIO ENGATE RÁPIDO 1.1/2" X ROSCA INTERNA 5 FIOS 2.1/2", CHAVE PARA CONEXÕES DE ENGATE RÁPIDO TIPO STORZ - 63X38MM, ESGUICHO TIPO AGULHETA COM JUNTA DE UNIÃO ENGATE RÁPIDO DN 38MM, REGISTRO TIPO GLOBO ANGULAR, COM 45 GRAUS, DN 2.1/2" (63 MM), PN16, EM LATÃO COM VOLANTE PARA HIDRANTE E ACESSÓRIOS, FORNECIMENTO E INSTALAÇÃO. | D19: UN | E19: 5 | F19: 1261.51 | G19: =(F19*1.2948) -> 1633.4031 | H19: =E19*G19 -> 8167.0157
A20: 02. 04 | B20: ED-22707 | C20: MANGUEIRA DE FIBRA SINTÉTICA E BORRACHA PARA INCÊNDIO TIPO 2, DN38MM, COMPRIMENTO 15M, FORNECIMENTO E INSTALAÇÃO. | D20: UN | E20: 5 | F20: 403.79 | G20: =(F20*1.2948) -> 522.82729 | H20: =E20*G20 -> 2614.1365
A21: 02. 05 | B21: ED-50024 | C21: FORNECIMENTO E ASSENTAMENTO DE TUBO PVC RÍGIDO SOLDÁVEL, ÁGUA FRIA, DN 75 MM (2.1/2"), INCLUSIVE CONEXÕES | D21: M | E21: =(8.04+7.16+3+1.5) -> 19.7 | F21: 78.43 | G21: =(F21*1.2948) -> 101.55116 | H21: =E21*G21 -> 2000.5579
A22: 02. 06 | B22: ED-50046 | C22: FORNECIMENTO E ASSENTAMENTO DE TUBO DE AÇO GALVANIZADO COM COSTURA , INCLUSIVE CONEXÕES E SUPORTES, D = 2 1/2" | D22: M | E22: =(6.4+0.91+7.21+1.5+3.65+1.5+3.16+4.53+0.75+10.06+6.25+1.5*2+4.46+0.75+10.24+3+1.5) -> 68.87 | F22: 219.2 | G22: =(F22*1.2948) -> 283.82016 | H22: =E22*G22 -> 19546.694
A23: 02. 07 | B23: ED-50496 | C23: PINTURA ESMALTE EM TUBO GALVANIZADO, DUAS (2) DEMÃOS, INCLUSIVE UMA (1) DEMÃO DE FUNDO ANTICORROSIVO - COR VERMELHO PADRÃO BOMBEIRO MG | D23: M | E23: =(6.4+0.91+7.21+1.5+3.65+1.5+3.16+4.53+0.75+10.06+6.25+1.5*2+4.46+0.75+10.24+3+1.5) -> 68.87 | F23: 9.81 | G23: =(F23*1.2948) -> 12.701988 | H23: =E23*G23 -> 874.78591
C24: TOTAL ITEM: 02 | H24: =SUM(H17:H23) -> 42437.963
A25: 03. | C25: CENTRAIS DE ALARME, DETECÇÃO E LUZ DE EMERGÊNCIA
A26: 03.01 | B26: 10446/ORSE | C26: AVISADOR SONORO TIPO SIRENE E VISUAL - ALARME INCÊNDIO | D26: UN | E26: 2 | F26: 321.97 | G26: =(F26*1.2948) -> 416.88676 | H26: =(E26*G26) -> 833.77351
A27: 03.02 | B27: 10447/ORSE | C27: PAINEL REPETIDOR - ALARME INCÊNDIO | D27: UN | E27: 1 | F27: 2266.17 | G27: =(F27*1.2948) -> 2934.2369 | H27: =(E27*G27) -> 2934.2369
A28: 03.03 | B28: 11978/ORSE | C28: DETECTOR DE FUMAÇA ÓPTICO CONVENCIONAL, MODELO VR-F, MARCA VERIN OU EQUIVALENTE | D28: UN | E28: 35 | F28: 118.67 | G28: =F28*1.2948 -> 153.65392 | H28: =(E28*G28) -> 5377.8871
A29: 03.04 | B29: 11820/ORSE | C29: CENTRAL DE ALARME E DETECÇÃO DE INCÊNDIO, CAPACIDADE: 8 LAÇOS, COM 2 LINHAS, MOD. VERIN OU EQUIVALENTE | D29: UN | E29: 1 | F29: 470.2 | G29: =(F29*1.2948) -> 608.81496 | H29: =(E29*G29) -> 608.81496
A30: 03.05 | B30: 07825/ORSE | C30: CENTRAL DE LUZ DE EMERGÊNCIA 300W/12V, CAIXA PLASTICA, MODELO ILU 300PC, REF. GEVI GAMMA OU EQUIVALENTE | D30: UN | E30: 1 | F30: 448.11 | G30: =F30*1.2948 -> 580.21283 | H30: =(E30*G30) -> 580.21283
A31: 03.06 | B31: ED-50232 | C31: PONTO DE TOMADA EXTERNA, INCLUINDO ELETRODUTO DE PVC RIGIDO E CAIXA COM ESPELHO E FIOS, COM MATERIAIS E MÃO DE OBRA. | D31: UN | E31: =(E25+E26+E27+E28+E29) -> 39 | F31: 278.28 | G31: =(F31*1.2948) -> 360.31694 | H31: =(E31*G31) -> 14052.361
A32: 03.07 | B32: 10.90.86 SUDECAP | C32: ACIONADOR TIPO BOTOEIRA (QUEBRA-VIDRO), PARA INSTALAÇÃO DE ALARME DE INCÊNDIO (ALARME E HIDRANTES) | D32: UN | E32: 17 | F32: 56.77 | G32: =(F32*1.2948) -> 73.505796 | H32: =(E32*G32) -> 1249.5985
C33: TOTAL ITEM: 03 | H33: =SUM(H26:H32) -> 25636.885
A34: 04. | C34: ILUMINAÇÃO
A35: 04.01 | B35: 97599/SINAPI | C35: LUMINÁRIA DE EMERGÊNCIA 30 LÂMPADAS LED DE 2W - FLUXO LUMINOSO MÍNIMO DE 150 lm LED - FORNECIMENTO E INSTALAÇÃO (COM MATERIAIS E MÃO DE OBRA) | D35: UN | E35: 29 | F35: 20.09 | G35: =F35*1.2948 -> 26.012532 | H35: =E35*G35 -> 754.36343
A36: 04.02 | B36: 11867/ORSE | C36: BLOCO AUTÔNOMO DE ILUMINAÇÃO DE EMERGÊNCIA, COM DURAÇÃO MÍNIMA DE DUAS HORAS COM DUAS LED - 400 LUMENS - FORNECIMENTO E INSTALAÇÃO(COM MATERIAIS E MÃO DE OBRA) | D36: UN | E36: 2 | F36: 168.32 | G36: =F36*1.2948 -> 217.94074 | H36: =E36*G36 -> 435.88147
A37: 04.03 | B37: ED-26993 | C37: BLOCO AUTÔNOMO DE ILUMINAÇÃO DE EMERGÊNCIA, COM DURAÇÃO MÍNIMA DE DUAS HORAS COM DUAS LED - 1.200 LUMENS - FORNECIMENTO E INSTALAÇÃO(COM MATERIAIS E MÃO DE OBRA) | D37: UN | E37: 8 | F37: 147.43 | G37: =(F37*1.2948) -> 190.89236 | H37: =E37*G37 -> 1527.1389
A38: 04.04 | B38: ED-50232 | C38: PONTO DE TOMADA EXTERNA, INCLUINDO ELETRODUTO DE PVC RIGIDO E CAIXA COM ESPELHO E FIOS, COM MATERIAIS E MÃO DE OBRA. | D38: UN | E38: =(E35+E36+E37) -> 39 | F38: 278.28 | G38: =(F38*1.2948) -> 360.31694 | H38: =E38*G38 -> 14052.361
C39: TOTAL ITEM: 04 | H39: =SUM(H35:H38) -> 16769.745
A40: 05. | C40: SINALIZAÇÃO
A41: 05.01 | B41: ED-29388 | C41: PLACA FOTOLUMINESCENTE PARA SINALIZAÇÃO DE EMERGÊNCIA, TIPO "E9", "E17" e "E12", DIMENSÃO (313X313)MM, INCLUSIVE FIXAÇÃO | D41: UN | E41: =5+5+3 -> 13 | F41: 17.26 | G41: =F41*1.2948 -> 22.348248 | H41: =E41*G41 -> 290.52722
A42: 05.02 | B42: ED-29389 | C42: PLACA FOTOLUMINESCENTE PARA SINALIZAÇÃO DE EMERGÊNCIA, TIPO "E2", DIMENSÃO (313X313)MM, INCLUSIVE FIXAÇÃO | D42: UN | E42: 17 | F42: 17.26 | G42: =(F42*1.2948) -> 22.348248 | H42: =E42*G42 -> 379.92022
A43: 05.03 | B43: ED-50199 | C43: PLACA FOTOLUMINESCENTE PARA SINALIZAÇÃO DE EMERGÊNCIA, TIPO "E5", DIMENSÃO (313X313)MM, INCLUSIVE FIXAÇÃO | D43: UN | E43: 28 | F43: 17.26 | G43: =(F43*1.2948) -> 22.348248 | H43: =E43*G43 -> 625.75094
A44: 05.04 | B44: ED-32246 | C44: PLACA FOTOLUMINESCENTE PARA SINALIZAÇÃO DE EMERGÊNCIA, TIPO "M1" e "M2", DIMENSÃO (400X600)MM, INCLUSIVE FIXAÇÃO | D44: UN | E44: 3 | F44: 101.02 | G44: =F44*1.2948 -> 130.8007 | H44: =E44*G44 -> 392.40209
A45: 05.05 | B45: ED-32247 | C45: PLACA FOTOLUMINESCENTE PARA SINALIZAÇÃO DE EMERGÊNCIA, TIPO "M1", "M2"e "M7" DIMENSÃO (380X190)MM, INCLUSIVE FIXAÇÃO | D45: UN | E45: 11 | F45: 36.63 | G45: =(F45*1.2948) -> 47.428524 | H45: =E45*G45 -> 521.71376
A46: 05.06 | B46: ED-50202 | C46: PLACA FOTOLUMINESCENTE "S-17,S-12, S-10, S-9, S-8, S-7, S-3, S-2, S-1", RETANGULAR NAS DIMENSÕES 316X158 MM - FORNECIMENTO E INSTALAÇÃO | D46: UN | E46: 72 | F46: 25.67 | G46: =F46*1.2948 -> 33.237516 | H46: =E46*G46 -> 2393.1012
A47: 05.07 | B47: 02228/ORSE | C47: FITA ANTIDERRAPANTE SAFETY-WALK "3M" L=5CM OU EQUIVALENTE - ESCADA FRONTAL | D47: M | E47: =(4.1*7) -> 28.7 | F47: 14.2 | G47: =F47*1.2948 -> 18.38616 | H47: =E47*G47 -> 527.68279
C48: TOTAL ITEM: 05 | H48: =SUM(H41:H47) -> 5131.0982
A49: 06. | C49: GUARDA-CORPO E CORRIMÃO
A50: 06.01 | B50: ED-32103 | C50: GUARDA-CORPO EXTERNO, ALTURA 130CM, EM TUBO GALVANIZADO, COM COSTURA, DIÂMETRO 2", ESP. 3MM, GRADIL COM DIVISÃO VERTICAL EM TUBO GALVANIZADO, COM COSTURA, DIÂMETRO 1", ESP. 3MM, INCLUSIVE CORRIMÃO DUPLO, EXCLUSIVE PINTURA | D50: M | E50: =4 -> 4 | F50: 964.45 | G50: =(F50*1.2948) -> 1248.7699 | H50: =E50*G50 -> 4995.0794
A51: 06.02 | B51: ED-32104 | C51: GUARDA-CORPO EXTERNO, ALTURA 130CM, EM TUBO GALVANIZADO, COM COSTURA, DIÂMETRO 2", ESP. 3MM, GRADIL COM DIVISÃO VERTICAL EM TUBO GALVANIZADO, COM COSTURA, DIÂMETRO 1", ESP. 3MM, EXCLUSIVE PINTURA | D51: M | E51: =15.95+1.8 -> 17.75 | F51: 709.53 | G51: =(F51*1.2948) -> 918.69944 | H51: =E51*G51 -> 16306.915
A52: 06.03 | B52: ED-32002 | C52: CORRIMÃO INTERMEDIÁRIO DUPLO EM TUBO GALVANIZADO, COM COSTURA, DIÂMETRO 1.1/2", ESP. 3MM, FIXADO EM PISO COMMONTANTE VERTICAL, DIÂMETRO 1.1/2", INCLUSIVE SUPORTE PARA CORRIMÃO EM BARRA CHATA (1"X1/2"), EXCLUSIVE PINTURA | D52: M | E52: =2*2 -> 4 | F52: 517.74 | G52: =(F52*1.2948) -> 670.36975 | H52: =E52*G52 -> 2681.479
A53: 06.04 | B53: ED-50935 | C53: CORRIMÃO SIMPLES EM TUBO GALVANIZADO, COM COSTURA, DIÂMETRO 1.1/2", ESP. 3MM, FIXADO EM ALVENARIA, INCLUSIVE SUPORTE PARA CORRIMÃO EM BARRA CHATA (1"X1/2"), EXCLUSIVE PINTURA -COMPLEMENTO ALTURA 1,10M PARA RAMPA CENTRAL | D53: M | E53: =6.3+4.05+39+29 -> 78.35 | F53: 124.04 | G53: =(F53*1.2948) -> 160.60699 | H53: =E53*G53 -> 12583.558
A54: 06.05 | B54: ED-32100 | C54: GUARDA-CORPO INTERNO, ALTURA 110CM, EM TUBO GALVANIZADO, COM COSTURA, DIÂMETRO 2", ESP. 3MM, GRADIL COM DIVISÃO VERTICAL EM TUBO GALVANIZADO, COM COSTURA, DIÂMETRO 1", ESP. 3MM, INCLUSIVE CORRIMÃO DUPLO, EXCLUSIVE PINTURA | D54: M | E54: 12 | F54: 882.91 | G54: =(F54*1.2948) -> 1143.1919 | H54: =E54*G54 -> 13718.302
A55: 06.06 | B55: ED-32101 | C55: GUARDA-CORPO INTERNO, ALTURA 110CM, EM TUBO GALVANIZADO, COM COSTURA, DIÂMETRO 2", ESP. 3MM, GRADIL COM DIVISÃO VERTICAL EM TUBO GALVANIZADO, COM COSTURA, DIÂMETRO 1", ESP. 3MM, EXCLUSIVE PINTURA | D55: M | E55: =5.75+136.8 -> 142.55 | F55: 679.34 | G55: =(F55*1.2948) -> 879.60943 | H55: =E55*G55 -> 125388.32
A56: 06.07 | B56: ED-50495 | C56: PINTURA ESMALTE SINTÉTICO EM SUPERFÍCIES METÁLICAS, DUAS (2) DEMÃOS, INCLUSIVE UMA (1) DEMÃO DE FUNDO ANTICORROSIVO | D56: M² | E56: =(E50+E51)*1.3+(E54+5.75)*1.1+136.8*0.75 -> 150.4 | F56: 33.38 | G56: =(F56*1.2948) -> 43.220424 | H56: =E56*G56 -> 6500.3518
A57: 06.08 | B57: ED-50496 | C57: PINTURA ESMALTE EM TUBO GALVANIZADO, DUAS (2) DEMÃOS,INCLUSIVE UMA (1) DEMÃO DE FUNDO ANTICORROSIVO | D57: M | E57: =4+78.35+12 -> 94.35 | F57: 9.81 | G57: =(F57*1.2948) -> 12.701988 | H57: =E57*G57 -> 1198.4326
C58: TOTAL ITEM: 06 | H58: =SUM(H50:H57) -> 183372.44
A59: 07. | C59: ESQUADRIAS, INCLUSIVE BARRAS ANTIPÂNICO
A60: 07.01 | B60: 39624/SINAPI | C60: BARRA ANTIPANICO DUPLA, PARA PORTA DE VIDRO, COR CINZA - PAVIMENTO SUPERIOR | D60: PAR | E60: 4 | F60: 1215.87 | G60: =(F60*1.2948) -> 1574.3085 | H60: =E60*G60 -> 6297.2339
A61: 07.02 | B61: 12154/ORSE | C61: FECHADURA MAÇANETA EXTERNA COM CHAVE, COR CINZA, PARA PORTA COM BARRA ANTIPÂNICO SIMPLES, DKS OU EQUIVALENTE - PAVIMENTO SUPERIOR | D61: UN | E61: 4 | F61: 312.07 | G61: =(F61*1.2948) -> 404.06824 | H61: =E61*G61 -> 1616.2729
A62: 07.03 | B62: 102191/SINAPI | C62: REMOÇÃO DE VIDRO LISO COMUM DE ESQUADRIA COM BAGUETE DE ALUMÍNIO OU PVC COM REAPROVEITAMENTO - PAVIMENTO SUPERIOR | D62: M² | E62: =1.5*2.5+2*2.5+1.5*2.5+1.5*2.5 -> 16.25 | F62: 21.15 | G62: =(F62*1.2948) -> 27.38502 | H62: =E62*G62 -> 445.00657
A63: 07.04 | B63: 01860/ORSE | C63: REMOÇÃO E REASSENTAMENTO DE ESQUADRIA DE FERRO - INVERSÃO DO LADO DA ABERTURA - PAVIMENTO SUPERIOR | D63: M² | E63: =1.5*2.5+2*2.5+1.5*2.5+1.5*2.5 -> 16.25 | F63: 53.94 | G63: =(F63*1.2948) -> 69.841512 | H63: =E63*G63 -> 1134.9246
A64: 07.05 | B64: 102162/SINAPI (COMPOSIÇÃO) | C64: REINSTALAÇÃO DE VIDRO LISO 4MM ESQUADRIA DE FERRO, FIXADO EM BAGUETE COM REAPROVEITAMENTO, EXCETO VIDRO - PAVIMENTO SUPERIOR | D64: M² | E64: =(E63) -> 16.25 | F64: 173.71 | G64: =(F64*1.2948) -> 224.91971 | H64: =E64*G64 -> 3654.9453
A65: 07.06 | B65: 102162/SINAPI | C65: INSTALAÇÃO DE VIDRO LISO 4MM ESQUADRIA DE FERRO, FIXADO EM BAGUETE COM REAPROVEITAMENTO, INCLUSIVE VIDRO - PAVIMENTO SUPERIOR | D65: M² | E65: 5 | F65: 353.08 | G65: =(F65*1.2948) -> 457.16798 | H65: =E65*G65 -> 2285.8399
A66: 07.07 | B66: 39623/SINAPI | C66: BARRA ANTIPANICO SIMPLES, PARA PORTA DE VIDRO, COR CINZA PAVIMENTO TÉRREO - BIBLIOTECA | D66: UN | E66: 1 | F66: 803.73 | G66: =(F66*1.2948) -> 1040.6696 | H66: =E66*G66 -> 1040.6696
A67: 07.08 | B67: 39624/SINAPI | C67: BARRA ANTIPANICO DUPLA, PARA PORTA DE VIDRO, COR CINZA - PAVIMENTO TÉRREO | D67: PAR | E67: 5 | F67: 1215.87 | G67: =(F67*1.2948) -> 1574.3085 | H67: =E67*G67 -> 7871.5424
A68: 07.09 | B68: 12983/ORSE | C68: FECHADURA MAÇANETA EXTERNA COM CHAVE, COR CINZA, PARA PORTA COM BARRA ANTIPÂNICO SIMPLES, DKS OU EQUIVALENTE - PAVIMENTO TÉRREO | D68: UN | E68: 6 | F68: 303.09 | G68: =(F68*1.2948) -> 392.44093 | H68: =E68*G68 -> 2354.6456
A69: 07.10 | B69: 102191/SINAPI | C69: REMOÇÃO DE VIDRO LISO COMUM DE ESQUADRIA COM BAGUETE DE ALUMÍNIO OU PVC COM REAPROVEITAMENTO - PAVIMENTO TÉRREO | D69: M² | E69: =(1.6*2.5*2+0.8*2.5+1.5*2.5+5*3) -> 28.75 | F69: 21.15 | G69: =(F69*1.2948) -> 27.38502 | H69: =E69*G69 -> 787.31932
A70: 07.11 | B70: 01860/ORSE | C70: REMOÇÃO E REASSENTAMENTO DE ESQUADRIA DE FERRO - INVERSÃO DO LADO DA ABERTURA - PAVIMENTO TÉRRO | D70: M² | E70: =1.5*2.5 -> 3.75 | F70: 57.95 | G70: =(F70*1.2948) -> 75.03366 | H70: =E70*G70 -> 281.37622
A71: 07.12 | B71: 04942/ORSE | C71: REMOÇÃO DE ESQUADRIA DE METÁLICA COM OU SEM REAPROVEITAMENTO - PAVIMENTO TÉRREO BIBLIOTECA E PORTAS DA FRENTE (PORTAS DE CORRER) - SOMENTE RETIRAR E DEVERÃO SER SUBSTITUIDAS POR NOVAS | D71: M² | E71: =(28.75-E70) -> 25 | F71: 20.61 | G71: =(F71*1.2948) -> 26.685828 | H71: =E71*G71 -> 667.1457
A72: 07.13 | B72: 102162/SINAPI (COMPOSIÇÃO) | C72: REINSTALAÇÃO DE VIDRO LISO 4MM ESQUADRIA DE FERRO, FIXADO EM BAGUETE COM REAPROVEITAMENTO, EXCETO VIDRO - PAVIMENTO TÉRRO | D72: M² | E72: 3.75 | F72: 173.71 | G72: =(F72*1.2948) -> 224.91971 | H72: =E72*G72 -> 843.44891
A73: 07.14 | B73: 102162/SINAPI | C73: INSTALAÇÃO DE VIDRO LISO 4MM ESQUADRIA DE FERRO, FIXADO EM BAGUETE COM REAPROVEITAMENTO, INCLUSIVE VIDRO - PAVIMENTO TÉRREO | D73: M² | E73: =1.2+28.75 -> 29.95 | F73: 353.08 | G73: =(F73*1.2948) -> 457.16798 | H73: =E73*G73 -> 13692.181
A74: 07.15 | B74: 94806/SINAPI (COMPOSIÇÃO) | C74: PORTA EM AÇO DE ABRIR PARA VIDRO SEM GUARNIÇÃO, EXCLUSIVE VIDROS - FORNECIMENTO E INSTALAÇÃO - PAVIMENTO TÉRREO | D74: M² | E74: =(3*5+1.6*2.5*2+0.8*2.5) -> 25 | F74: 373.96 | G74: =(F74*1.2948) -> 484.20341 | H74: =E74*G74 -> 12105.085
A75: 07.16 | B75: ED-50491 | C75: PINTURA ESMALTE EM ESQUADRIAS DE FERRO, DUAS (2) DEMÃOS, INCLUSIVE UMA (1) DEMÃO DE FUNDO ANTICORROSIVO | D75: M² | E75: =(E63+E70+E71+E74)*2 -> 140 | F75: 33.76 | G75: =(F75*1.2948) -> 43.712448 | H75: =E75*G75 -> 6119.7427
C76: TOTAL ITEM: 07 | H76: =SUM(H60:H75) -> 61197.38
A77: 08. | C77: SISTEMA DE PREVENÇÃO - BRIGADA
A78: 08.01 | B78: COTAÇÃO | C78: TREINAMENTO DE BRIGADISTAS A SER REALIZADO DA SEGUINTE FORMA - CURSO TEÓRICO EAD 2 DIAS E PRESENCIAL 02 DIAS NO CENTRO DE TREINAMENTO COM CARGA HORÁRIA DE 32 HORAS/AULAS DE ACORDO COM A IT 12 - 3ª EDIÇÃO DO CBMMG, COM FORNECIMENTO DE DOCUMENTOS (CERTIFICADOS DOS BRIGADISTAS, DOCUMENTOS E CREDENCIAMENTO DO INSTRUTOR) E ACOMPANHADO DA ART, JUNTO AO CREA-MG E INSTRUTOR CREDENCIADO JUNTO CBMMG - INCLUINDO ALIMENTAÇÃO, TRANSPORTE E ESTADIA DO PESSOAL | D78: UN | E78: 6 | F78: 1250 | G78: =(F78*1.2948) -> 1618.5 | H78: =E78*G78 -> 9711
C79: TOTAL ITEM: 08 | H79: =H78 -> 9711
A80: 09. | C80: LIMPEZA GERAL
A81: 09. 01 | B81: ED-50266A | C81: LIMPEZA FINAL DA OBRA | D81: M2 | E81: 1681.78 | F81: =6.56/3 -> 2.1866667 | G81: =(F81*1.2948) -> 2.831296 | H81: =E81*G81 -> 4761.617
C82: TOTAL ITEM: 09 | H82: =H81 -> 4761.617
C83: TOTAL DA PLANILHA (R$): | H83: =SUM(H15+H24+H33+H48+H76+H79+H82+H39+H58) -> 349696.92
C84: TOTAL GERAL (R$) | H84: =SUM(H83) -> 349696.92
A85: Valor total R$: Trezentos e quarenta e nove mil, seiscentos e sessenta e nove reais e noventa e dois centavos.
A86: NOTAS: O treinamento deverá ser realizado no Centro de treinamento - do Item 08 deverá ser realizado por funcionários da PREFEITURA - 06 pessoas - população fixa local
A87: (funcionários) e pago pela empresa contratada, inclusive transporte e alimentação;
A88: Todo o piso deverá ser forrado antes da execução de qualquer serviço;
A89: O memorial descritivo contem informações importantes sobre a obra - DEVERÁ SER LIDO EM SUA INTEGRIDADE ANTES DO INÍCIO DA OBRA.
A90: Nenhuma pintura, massa, argamassa e ou similar deverá ser feito na edificação e ou no Entorno, sem forro e sem autorização da fiscalização.
B92: Passos, 07 de maio de 2025.
A95: Romilda Silva Maia
A96: Eng.º Civil
A97: CREA-MG: 56.982/D
A98: Responsável Técnico

Sheet BDI
A5: DEMONSTRATIVO DO BDI - COM DESONERAÇÃO - OBRA DE EDIFICAÇÃO
A6: BDI (CONFORME ACÓRDÃO Nº 2622/13 e LEI Nº 13.161 DE 31/08/15)
A7: DISCRIMINAÇÃO DAS PARCELAS | B7: SIGLA | C7: CONSTRUÇÃO DE EDIFÍCIOS | I7: INCIDÊNCIA
C8: ISS | H8: Diferenciado
C9: 0.02 | D9: 0.03 | E9: 0.04 | F9: 0.05 | G9: MATERIAL | H9: SERVIÇO TERCEIRIZADO (ISS 5%)
A10: Custo Direto | B10: CD | C10: 1 | D10: 1 | E10: 1 | F10: 1 | G10: 1 | H10: 1 | I10: CD
A11: Administração Central | B11: AC | C11: 0.055 | D11: 0.055 | E11: 0.055 | F11: 0.055 | G11: 0.0342 | H11: 0.04 | I11: CD
A12: Lucro Bruto | B12: L | C12: 0.075 | D12: 0.075 | E12: 0.075 | F12: 0.075 | G12: 0.0494 | H12: 0.0616 | I12: CD
A13: Despesas Financeiras | B13: DF | C13: 0.0086 | D13: 0.0086 | E13: 0.0086 | F13: 0.0086 | G13: 0.0086 | H13: 0.0086 | I13: CD
A14: Seguros, Garantias e Risco | C14: 0.0227 | D14: 0.0227 | E14: 0.0227 | F14: 0.0227 | G14: 0.0129 | H14: 0.0177 | I14: CD
A15: Seguros + Garantias | B15: S | C15: 0.01 | D15: 0.01 | E15: 0.01 | F15: 0.01 | G15: 0.0053 | H15: 0.008 | I15: CD
A16: Risco(*) | B16: R | C16: 0.0127 | D16: 0.0127 | E16: 0.0127 | F16: 0.0127 | G16: 0.0076 | H16: 0.0097 | I16: CD
A17: Tributos | B17: I | C17: 0.0465 | D17: 0.0515 | E17: 0.0565 | F17: 0.0615 | G17: 0.0365 | H17: 0.0615 | I17: PV
A18: ISS | B18: ISS | C18: 0.01 | D18: 0.015 | E18: 0.02 | F18: 0.025 | G18: _ | H18: 0.025 | I18: PV
A19: PIS | B19: PIS | C19: 0.0065 | D19: 0.0065 | E19: 0.0065 | F19: 0.0065 | G19: 0.0065 | H19: 0.0065 | I19: PV
A20: COFINS | C20: 0.03 | D20: 0.03 | E20: 0.03 | F20: 0.03 | G20: 0.03 | H20: 0.03 | I20: PV
A21: CPRB | B21: INSS | C21: 0.036 | D21: 0.036 | E21: 0.036 | F21: 0.036 | G21: 0.036 | H21: 0.036 | I21: PV
A23: FÓRMULA DO BDI | C23: (1 + (AC + S + G + R)) x (1 + DF) x (1 + L)/ (1 - (I + CPRB))
A25: BDI (NUMERADOR | C25: 0.1685 | D25: 0.1685 | E25: 0.1685 | F25: 0.1685 | G25: 0.1083 | H25: 0.1326
A26: BDI (DENOMINADOR) | C26: 0.9175 | D26: 0.9125 | E26: 0.9075 | F26: 0.9025 | G26: 0.9275 | H26: 0.9025
A27: BDI | C27: 0.2736 | D27: 0.2806 | E27: 0.2876 | F27: 0.2948 | G27: 0.195 | H27: 0.2549
A28: OBSERVAÇÕES
A30: (1) SIGLA.
A31: (2) QUANTO AO ISS O TCU ORIENTA OBSERVAR A LEGISLAÇÃO DO MUNICÍPIO. NO REFERIDO ACÓRDÃO O TCU PARTIU DA PREMISSA DE INCIDÊNCIA DO ISS EM 50% DO PREÇO DE VENDA, COM PERCENTUAIS DE 2%, 3%, 4% E 5%.
A32: (3) BDI DIFERENCIADO A SER APLICADO EM CASOS DE FORNECIMENTO DE MATERIAIS E EQUIPAMENTOS. EX. ELEVADOR, ESCADAS ROLANTES, EQUIPAMENTOS DE REFRIGERAÇÃO ETC.
A33: (4) BDI DIFERENCIADO A SER APLICADO PARA SERVIÇOS TERCEIRIZADOS.
A35: Passos, 06 de maio de 2025
C40: Romilda Silva Maia
C41: Eng.º Civil
C42: CREA-MG: 56.982/D
C43: Responsável Técnico

Sheet Cronograma
A1: PREFEITURA MUNICIPAL DE PASSOS MG
A4: CRONOGRAMA FÍSICO-FINANCEIRO
A5: AMEG - Associação Pública dos Municípios da Microrregião do Médio Rio Grande
A6: PROJETO DE PREVENÇÃO E COMBATE A INCÊNDIO E PANICO DA CASA DA CULTURA
A7: PRAÇA GERALDO DA SILVA MAIA S/Nº, CENTRO - PASSOS - MG
E8: Mês 01 | G8: Mês 02 | I8: Mês 03 | K8: Mês 04 | M8: Total a executar
A9: ITEM | B9: DESCRIÇÃO DOS SERVIÇOS | C9: R$ Total com BDI | D9: % | E9: R$ | F9: % | G9: R$ | H9: % | I9: R$ | J9: % | M9: %
A10: 1 | B10: ='Casa da Cultura'!C13 -> SERVIÇOS PRELIMINARES | C10: ='Casa da Cultura'!H15 -> 678.78595 | D10: =C10/C19 -> 0.0019410693 | E10: =(C10) -> 678.78595 | F10: 1 | M10: =(F10) -> 1
A11: 2 | B11: =('Casa da Cultura'!C16) -> EXTINTORES E HIDRANTES | C11: ='Casa da Cultura'!H24 -> 42437.963 | D11: =(C11/C19) -> 0.12135641 | I11: =(C11*J11) -> 42437.963 | J11: 1 | M11: =J11 -> 1
A12: 3 | B12: =('Casa da Cultura'!C25) -> CENTRAIS DE ALARME, DETECÇÃO E LUZ DE EMERGÊNCIA | C12: ='Casa da Cultura'!H33 -> 25636.885 | D12: =(C12/C19) -> 0.073311726 | E12: =(C12*F12) -> 6409.2212 | F12: 0.25 | G12: =(C12*H12) -> 19227.663 | H12: 0.75 | M12: =(F12+H12) -> 1
A13: 4 | B13: =('Casa da Cultura'!C34) -> ILUMINAÇÃO | C13: =('Casa da Cultura'!H39) -> 16769.745 | D13: =(C13/C19) -> 0.047955083 | E13: =(C13*F13) -> 8384.8723 | F13: 0.5 | G13: =(C13*H13) -> 8384.8723 | H13: 0.5 | M13: =(F13+H13+J13) -> 1
A14: 5 | B14: =('Casa da Cultura'!C40) -> SINALIZAÇÃO | C14: =('Casa da Cultura'!H48) -> 5131.0982 | D14: =(C14/C19) -> 0.014672987 | G14: =(I14) -> 2565.5491 | H14: 0.5 | I14: =(C14*J14) -> 2565.5491 | J14: 0.5 | M14: =(F14+H14+J14) -> 1
A15: 6 | B15: =('Casa da Cultura'!C49) -> GUARDA-CORPO E CORRIMÃO | C15: =('Casa da Cultura'!H58) -> 183372.44 | D15: =(C15/C19) -> 0.52437535 | G15: 52820.35 | H15: 0.3 | I15: =(C15*J15) -> 128360.71 | J15: 0.7 | M15: =(F15+J15) -> 0.7
A16: 7 | B16: =('Casa da Cultura'!C59) -> ESQUADRIAS, INCLUSIVE BARRAS ANTIPÂNICO | C16: =('Casa da Cultura'!H76) -> 61197.38 | D16: =(C16/C19) -> 0.1750012 | I16: =(C16*J16) -> 61197.38 | J16: 1 | M16: =(F16+J16) -> 1
A17: 8 | B17: =('Casa da Cultura'!C77) -> SISTEMA DE PREVENÇÃO - BRIGADA | C17: =('Casa da Cultura'!H79) -> 9711 | D17: =(C17/C19) -> 0.027769762 | K17: 14133.96 | L17: 1 | M17: 1
A18: 9 | B18: =('Casa da Cultura'!C80) -> LIMPEZA GERAL | C18: =('Casa da Cultura'!H82) -> 4761.617 | D18: =(C18/C19) -> 0.013616411 | K18: 4812.73 | L18: 1 | M18: 1
B19: Total dos Serviços (MT + MO) | C19: =SUM(C10:C18) -> 349696.92 | D19: =SUM(D10:D18) -> 1
B20: TOTAL MENSAL (%) | E20: =SUM(E10:E19) -> 15472.879 | F20: =(E20/C19) -> 0.044246542 | G20: =SUM(G11:G19) -> 82998.435 | H20: =(G20/C19) -> 0.23734391 | I20: =SUM(I11:I19) -> 234561.6 | J20: =(I20/C19) -> 0.67075685 | K20: =(K17+K18) -> 18946.69 | L20: =(K20/C19) -> 0.054180318
B21: TOTAL ACUMULADO (R$ | E21: =(E20) -> 15472.879 | F21: =(F20) -> 0.044246542 | G21: =(E21+G20) -> 98471.314 | H21: =(F21+H20) -> 0.28159046 | I21: =(G21+I20) -> 333032.92 | J21: =(H21+J20) -> 0.95234731 | K21: =(I21+K20) -> 351979.61 | L21: =(J21+L20) -> 1.0065276
B23: Passos, 06 de maio de 2025
A26: Romilda Silva Maia
A27: Eng.º Civil
A28: CREA-MG: 56.982/D
A29: Responsável Técnico
